Map: Blackpink LE

Players

TRUE

  • Race: Zerg Zerg
  • Spawn Location: 1:00

Dark - Winner!

  • Race: Zerg Zerg
  • Spawn Location: 7:00

Event: IEM Season 12 - Katowice

VOD

Have the link to the VOD?

Description

Time

  • Played on: March 1, 2018, 11:46 a.m.
  • Length: 4:17

All games in this series

Show
View Real Time Build Order
Export as new Build Order

TRUE Zerg 

Build Orders: Hatch First 

Get SALT Encoding   

  12  0:00  Drone  
  13  0:12  Overlord  
  13  0:18  Drone  
  14  0:30  Drone  
  14  0:31  Drone  
  14  0:34  Drone  
  17  0:52  Hatchery  
  17  0:55  Drone  
  17  1:07  Spawning Pool  
  16  1:12  Drone, Extractor  
  16  1:15  Drone  
  17  1:20  Drone  
  18  1:30  Drone  
  19  1:39  Overlord  
  19  1:54  Queen, Zergling x2  
  19  2:00  Zergling x2  
  23  2:06  Queen, Zergling x2  
  26  2:11  Metabolic Boost  
  26  2:17  Zergling x2  
  26  2:21  Zergling x2  
  28  2:36  Zergling x6  
  30  2:38  Zergling x2  
  30  2:43  Zergling x2  
  30  2:50  Zergling x2  
  27  2:57  Zergling x2  
  27  2:58  Zergling x2  
  25  3:03  Queen  
  17  3:23  Zergling x6  
  17  3:26  Zergling x2  
  21  3:29  Zergling x2  
  12  3:49  Zergling x2  
Show
View Real Time Build Order
Export as new Build Order

Dark Zerg - Winner!

Build Orders: 1 Base Baneling Bust, Pool Only 

Get SALT Encoding   

  12  0:08  Extractor  
  11  0:19  Spawning Pool  
  10  0:25  Drone  
  11  0:31  Drone  
  12  0:36  Drone  
  13  0:48  Overlord  
  13  1:06  Zergling x2  
  13  1:07  Zergling x2  
  13  1:08  Zergling x2  
  16  1:12  Metabolic Boost  
  16  1:19  Zergling x2  
  17  1:29  Zergling x2  
  18  1:34  Baneling Nest  
  17  1:40  Zergling x2  
  18  1:51  Zergling x2  
  19  1:57  Queen  
  21  2:07  Overlord  
  21  2:15  Zergling x2  
  22  2:19  Baneling x2  
  22  2:25  Zergling x2  
  22  2:28  Baneling  
  23  2:41  Baneling  
  21  2:58  Zergling x2  
  20  3:03  Baneling x2  
  20  3:04  Zergling x4  
  21  3:09  Zergling x6  
  24  3:15  Zergling x2  
  24  3:29  Zergling x2  
  23  3:43  Zergling x8  
  24  3:57  Zergling x2  

Tags
 
Add a new tag
Caveats
  • Supply blocks, unpowered buildings, or Contaminate may cause inaccurate times.
  • Supply counts are checked every 10 seconds.